 Dungeon Crawl Stone Soup version 0.28.0-1-gb440e238dd (webtiles) character file.

Game seed: 8475817537062517538

439 lawman0 the Slasher (level 6, -3/48 HPs)
             Began as a Vampire Warper on Feb 19, 2022.
             Was a Believer of Ashenzari.
             Slain by a gnoll sergeant (10 damage)
             ... on level 4 of the Dungeon.
             The game lasted 00:08:38 (4416 turns).

lawman0 the Slasher (Vampire Warper)                Turns: 4416, Time: 00:08:39

Health: -3/48      AC:  4    Str: 10    XL:     6   Next: 70%
Magic:  9/10       EV: 12    Int: 17    God:    Ashenzari [**....]
Gold:   155        SH:  0    Dex: 14    Spells: 3/11 levels left

rFire   + . .      SeeInvis +   a - +2 falchion
rCold   + . .      Faith    .   (no shield)
rNeg    + . .      Spirit   .   b - +0 leather armour of the Fated Sybil {Range, Bglg} (curse)
rPois   .          Reflect  .   (no helmet)
rElec   .          Harm     .   f - scarf "Elysian Dissatisfaction" {rC+ rF+, Evo, Self} (curse)
rCorr   .          Rampage  .   (no gloves)
Will    .....                   g - +0 pair of boots of Ashenzari's Burden {Melee, Comp} (curse)
Stlth   ++........              j - amulet of the acrobat
HPRegen 0.36/turn               n - ring of positive energy
MPRegen 0.12/turn               (no ring)

@: healing quickly
A: alive, fangs 3, see invisible, vampiric 2
a: Exsanguinate, Renounce Religion, Shatter the Chains


You were on level 4 of the Dungeon.
You worshipped Ashenzari.
Ashenzari was pleased with you.
You visited 1 branch of the dungeon, and saw 5 of its levels.

You collected 155 gold pieces.

Inventory:

Hand Weapons
 a - a +2 falchion (weapon)
Missiles
 d - 2 boomerangs of dispersal (quivered)
Armour
 b - the cursed +0 leather armour of the Fated Sybil (worn) {Range, Bglg}

   It has a curse which improves the following skills: Ranged Combat: Slings,
   Bows, Crossbows and Throwing.
   Beguiling: Conjurations, Hexes and Translocations.
 f - the cursed scarf "Elysian Dissatisfaction" (worn) {rC+ rF+, Evo, Self}
   (You found it on level 1 of the Dungeon)

   It has a curse which improves the following skills: Evocations: Evocations.
   Introspection: Fighting and Spellcasting.
 g - the cursed +0 pair of boots of Ashenzari's Burden (worn) {Melee, Comp}
   (You found it on level 2 of the Dungeon)

   It has a curse which improves the following skills: Melee Combat: Short
   Blades, Long Blades, Axes, Maces & Flails, Polearms, Staves and Unarmed
   Combat.
   Companions: Summonings and Necromancy.
Jewellery
 j - an amulet of the acrobat (around neck)
 n - a ring of positive energy (left hand)
Scrolls
 e - a scroll of magic mapping
 i - a scroll of enchant weapon
 l - a scroll of teleportation
 o - a scroll of immolation
 q - a scroll of silence
Potions
 h - 2 potions of brilliance
 k - a potion of haste
 m - a potion of curing
 p - a potion of heal wounds
 r - 2 potions of cancellation


   Skills:
 + Level 2.6(3.7) Fighting
 * Level 5.1(6.3) Long Blades
 + Level 0.7(1.3) Throwing
 + Level 1.8 Armour
 + Level 3.2 Dodging
 + Level 1.6 Stealth
 + Level 2.1(3.1) Spellcasting
 * Level 3.3(4.4) Translocations


You had 3 spell levels left.
You knew the following spells:

 Your Spells              Type           Power      Damage    Failure   Level
a - Blink                 Tloc           34%        N/A       5%          2
b - Teleport Other        Tloc           17%        N/A       11%         3
c - Gell's Gravitas       Tloc           17%        N/A       11%         3

Your spell library contained the following spells:

 Spells                   Type           Power      Damage    Failure   Level
 Lesser Beckoning         Tloc           17%        N/A       11%         3
 Foxfire                  Conj/Fire      8%         2x1d4     22%         1
 Conjure Flame            Conj/Fire      2%         6-21      54%         3
 Inner Flame              Hex/Fire       2%         N/A       54%         3
 Manifold Assault         Tloc           17%        N/A       69%         5
 Flame Wave               Conj/Fire      2%         2d4       91%         4


Dungeon Overview and Level Annotations

Branches:
Dungeon (5/15)
 Temple: D:4-7

Altars:
Ashenzari
Dithmenos
Elyvilon
Ru
Sif Muna
Trog
Wu Jian
The Shining One


Innate Abilities, Weirdness & Mutations

Your natural rate of healing is accelerated.
You have razor-sharp teeth.
You have supernaturally acute eyesight. (SInv)
You are afflicted with vampirism and can become a bat while bloodless.


Message History

You barely miss the gnoll sergeant.
The gnoll sergeant is heavily wounded.
The gnoll sergeant hits you with a +0 spear of flaming!
The gnoll sergeant burns you.
You hit the gnoll sergeant but do no damage.
Your bite misses the gnoll sergeant.
The gnoll sergeant is heavily wounded.
The gnoll sergeant hits you with a +0 spear of flaming.
The gnoll sergeant burns you.
You slash the gnoll sergeant!
The gnoll sergeant is almost dead.
The gnoll sergeant barely misses you.
You barely miss the gnoll sergeant.
The gnoll sergeant is almost dead.
The gnoll sergeant hits you with a +0 spear of flaming.
You hit the gnoll sergeant but do no damage.
The gnoll sergeant is almost dead.
The gnoll sergeant hits you with a +0 spear of flaming!
* * * LOW HITPOINT WARNING * * *
The gnoll sergeant burns you.
* * * LOW HITPOINT WARNING * * *
You hit the gnoll sergeant.
The gnoll sergeant is almost dead.
The gnoll sergeant closely misses you.
You barely miss the gnoll sergeant.
The gnoll sergeant is almost dead.
The gnoll sergeant hits you but does no damage.
Unknown command.
You hit the gnoll sergeant but do no damage.
The gnoll sergeant is almost dead.
The gnoll sergeant hits you with a +0 spear of flaming.
* * * LOW HITPOINT WARNING * * *
The gnoll sergeant burns you.
* * * LOW HITPOINT WARNING * * *
Unknown command.
You hit the gnoll sergeant but do no damage.
You bite the gnoll sergeant, but do no damage.
The gnoll sergeant is almost dead.
The gnoll sergeant hits you with a +0 spear of flaming!
You die...

....##.####
.....#.>..#
.....#..#.#########
.....##.....#.....##
...................##
#...................#
#.........(.........#
..........(.........#
..........(....g@<..#
#####..........)....#
##.............##
##.....#.....##
#############


You could see a gnoll sergeant.

Vanquished Creatures
  A scorpion (D:4)
  A jelly (D:4)
  A centaur skeleton (D:4)
  Jessica (D:3)
  2 iguanas
  An orc wizard (D:3)
  10 gnolls
  4 adders
  A white imp (D:3)
  A worm (D:2)
  4 dart slugs
  6 orcs
  5 bats
  3 endoplasms
  6 giant cockroaches
  8 goblins
  4 hobgoblins
  4 jackals (D:2)
  4 kobolds
  2 quokkas
  A ball python (D:4)
  2 frilled lizards
  2 rats
74 creatures vanquished.

Notes
Turn   | Place    | Note
-------+----------+-------------------------------------------
     0 | D:1      | lawman0 the Vampire Warper began the quest for the Orb.
     0 | D:1      | Reached XP level 1. HP: 16/16 MP: 3/3
   229 | D:1      | Reached skill level 1 in Armour
   390 | D:1      | Found a faded altar of an unknown god.
   399 | D:1      | Prayed at the altar of an unknown god.
   399 | D:1      | Became a worshipper of Ashenzari the Shackled
   587 | D:1      | Reached XP level 2. HP: 22/22 MP: 5/5
   886 | D:2      | Learned a level 2 spell: Blink
  1050 | D:2      | Gained mutation: You are afflicted with vampirism and can
                  | become a bat while bloodless. [Vampire growth]
  1050 | D:2      | Reached XP level 3. HP: 3/27 MP: 2/6
  1088 | D:2      | Learned a level 3 spell: Teleport Other
  1455 | D:2      | Reached * piety under Ashenzari
  1917 | D:3      | Noticed Jessica
  1922 | D:3      | Killed Jessica
  1923 | D:3      | Reached skill level 3 in Long Blades
  1923 | D:3      | Reached XP level 4. HP: 35/35 MP: 8/8
  2229 | D:3      | Found a sacrificial altar of Ru.
  2399 | D:3      | Learned a level 3 spell: Gell's Gravitas
  2563 | D:3      | Found a shimmering blue altar of Sif Muna.
  2563 | D:3      | Identified Sif Muna's Grimoire of Conjuration
  2572 | D:3      | Found a bloodstained altar of Trog.
  2574 | D:3      | Reached XP level 5. HP: 17/41 MP: 4/9
  3011 | D:3      | Reached skill level 1 in Stealth
  3097 | D:4      | Reached skill level 4 in Long Blades
  3210 | D:4      | Reached XP level 6. HP: 37/47 MP: 10/10
  3737 | D:4      | Reached ** piety under Ashenzari
  3771 | D:4      | Found a shadowy altar of Dithmenos.
  3771 | D:4      | Found an ornate altar of the Wu Jian Council.
  3783 | D:4      | Reached skill level 5 in Long Blades
  4038 | D:5      | Entered Level 5 of the Dungeon
  4416 | D:4      | Slain by a gnoll sergeant

Illustrated notes

Levels and vault maps discovered:
D:1:      dpeg_arrival_circle_labyrinth_a, layout_basic,
          chequers_ecumenical_altar_simple_redux
D:2:      layout_loops_cross, corner_web_ring
D:3:      layout_loops_cross, nzn_overflow_gifts_of_might_and_magic,
          lemuel_round_altar, nicolae_ru_great_annihilating_truth,
          supply_closet_lemuel, chequers_decorated_corner, uniq_jessica
D:4:      nicolae_BIG_FREAKIN_CUBE, layout_rooms, elyvilon_altar_1,
          gammafunk_temple_overflow_elements
D:5:      layout_cave_pods, nicolae_qazlal_scattered_showers

Skill      XL: |  1  2  3  4  5  6 |
---------------+-------------------+-----
Armour         | 1 |  1.8
Fighting       | 2 |  2.6
Long Blades    | 3 4 5 |  5.1
Translocations | 3 |  3.3
Stealth        | 1 |  1.6
Dodging        | 3 |  3.2
Throwing       | |  0.7
Spellcasting   | |  2.1

Action                   |  1- 3 |  4- 6 || total
-------------------------+-------+-------++-------
Melee: Falchion          |   138 |   193 ||   331
       Bite              |    12 |    23 ||    35
       Punch             |     5 |     4 ||     9
Throw: Boomerang         |     1 |     2 ||     3
       Javelin           |       |     5 ||     5
 Cast: Blink             |     1 |     3 ||     4
       Teleport Other    |       |     1 ||     1
Invok: Curse Item        |     2 |     1 ||     3
  Use: Potion            |     1 |     3 ||     4
       Scroll            |     3 |     1 ||     4
 Stab: Sleeping          |     1 |     4 ||     5
       Invisible         |       |     1 ||     1
       Paralysed         |       |     1 ||     1
       Distracted        |       |     1 ||     1
Armor: Leather armour    |    29 |    34 ||    63
Dodge: Dodged            |    98 |   187 ||   285
